 Dungeon Crawl Stone Soup version 0.20.1-1-g8b1a95d (webtiles) character file.

300 Kingsmith the Magician (level 6, -1/32 HPs)
             Began as a Deep Elf Conjurer on Dec 7, 2017.
             Slain by an orc (2 damage)
             ... on level 4 of the Dungeon.
             The game lasted 00:05:44 (2487 turns).

Kingsmith the Magician (Deep Elf Conjurer)          Turns: 2487, Time: 00:05:45

Health: -1/32      AC:  3    Str:  7    XL:     6   Next: 13%
Magic:  17/17      EV: 12    Int: 20    God:
Gold:   224        SH:  3    Dex: 15    Spells: 3/17 levels left

rFire    . . .     SeeInvis .   l - +0 dagger (speed)
rCold    . . .     Gourm    .   t - +0 buckler
rNeg     . . .     Faith    .   a - +0 robe
rPois    .         Spirit   .   (no helmet)
rElec    .         Reflect  .   (no cloak)
rCorr    .         Harm     .   (no gloves)
MR       .....                  f - +0 pair of boots
Stlth    ++........             (no amulet)
Regen    0.1/turn               (no ring)
MPRegen  0.2/turn               (no ring)

@: no status effects
A: no striking features
a: no special abilities


You were on level 4 of the Dungeon.
You were not hungry.

You visited 1 branch of the dungeon, and saw 4 of its levels.

You collected 224 gold pieces.

Inventory:

Hand Weapons
 l - a +0 dagger of speed (weapon)
Armour
 a - a +0 robe (worn)
 e - a +0 leather armour of fire resistance
 f - a +0 pair of boots (worn)
 t - a +0 buckler (worn)
Jewellery
 n - an uncursed amulet of rage {unknown}
 r - a +2 amulet of reflection {unknown}
Wands
 q - a wand of flame (48/48)
Scrolls
 d - 4 scrolls of remove curse
 j - 3 scrolls of identify
Potions
 g - a potion of brilliance {unknown}
 h - 2 potions of resistance {unknown}
 m - 2 potions of curing {unknown}
 p - 2 potions of flight {unknown}
 s - a potion of cancellation {unknown}
 w - a potion of mutation {unknown}
Books
 b - a book of Conjurations

   Spells                             Type                      Level
   a - Magic Dart                     Conjuration                  1
   b - Searing Ray                    Conjuration                  2
   c - Dazzling Spray                 Conjuration/Hexes            3
   d - Fulminant Prism                Conjuration/Hexes            4
   e - Force Lance                    Conjuration/Translocation    4
   f - Iskenderun's Mystic Blast      Conjuration                  4
Comestibles
 c - 4 bread rations
 i - a meat ration
 o - a royal jelly


   Skills:
 - Level 2.4 Dodging
 - Level 2.4 Stealth
 - Level 6.3 Spellcasting
 - Level 4.3 Conjurations
 + Level 3.9 Hexes
 + Level 3.2 Translocations


You had 3 spell levels left.
You knew the following spells:

 Your Spells              Type           Power        Failure   Level  Hunger
a - Magic Dart            Conj           ###.         2%          1    None
b - Searing Ray           Conj           ###...       4%          2    None
c - Dazzling Spray        Conj/Hex       ###...       9%          3    ##.....
d - Force Lance           Conj/Tloc      ###.....     34%         4    ####...
e - Iskenderun's Mystic   Conj           ###.....     28%         4    ####...


Dungeon Overview and Level Annotations

Branches:
Dungeon (4/15)             Temple (0/1) D:4

Altars:
Elyvilon
Makhleb
Qazlal

Shops:
D:4 ?


Message History

You feel strangely unstable.
It was a scroll of teleportation.
You see here 13 gold pieces.
The orc barely misses you.
Your surroundings seem slightly different.
You block the orc's attack.
The orc throws a tomahawk.
The tomahawk hits you but does no damage.
The frilled lizard closely misses you.
You see here a tomahawk.
As you read the scroll labeled VOKHEO QORO, it crumbles to dust.
It is a scroll of recharging.
Charge which item? (? for menu, Esc to quit)
Your wand of flame (?/48) glows for a moment.
The orc barely misses you. x2; The orc hits you with a flail!
The frilled lizard closely misses you. The orc closely misses you.
The orc barely misses you. The orc hits you but does no damage.
The orc hits you with a flail!
* * * LOW HITPOINT WARNING * * *
The frilled lizard bites you but does no damage.
The orc hits you.
You die...

###,,,**####.###.# *,**,*,,***
,..,,,,,.........# *,,*,,,,,,,
,#..,,*###.....#.# **,*,,,,***
##.###+,.......#.# *,,∩,,,*
§...§#***#.....#.########..,,,*
.....### #.....#...........,,,*
.._....###.....#.o.........,*,*
.....#...#.......o$........>,,*
....§#...#.....#@lo(.......,***
##.###...####.##?o.o.......,*
*#..###.#####.##..o........,*
###.# #.#.....##...........,*
#...# ##....###############**
#.### #≈≈...# #.#####≈≈..##
#....#≈≈≈§.#**********
#....#≈≈...≈**,,,,,,,*


You could see 6 orcs and a frilled lizard.

Vanquished Creatures
  Menkaure (D:4)
  A howler monkey (D:4)
  A hound (D:4)
  5 adders
  6 dart slugs
  2 leopard geckos
  6 bats
  3 giant cockroaches
  11 hobgoblins
  3 jackals
  9 kobolds
  A quokka (D:2)
  A ball python (D:2)
  4 frilled lizards (D:1)
  3 goblins
  4 rats
61 creatures vanquished.

Notes
Turn   | Place    | Note
-------+----------+-------------------------------------------
     0 | D:1      | Kingsmith the Deep Elf Conjurer began the quest for the Orb.
     0 | D:1      | Reached XP level 1. HP: 10/10 MP: 6/6
   198 | D:1      | Reached XP level 2. HP: 14/15 MP: 4/8
   202 | D:1      | Learned a level 2 spell: Searing Ray
   204 | D:1      | Reached skill level 4 in Spellcasting
   700 | D:1      | Reached XP level 3. HP: 19/19 MP: 6/11
   750 | D:1      | Learned a level 3 spell: Dazzling Spray
   761 | D:1      | Reached skill level 5 in Spellcasting
  1213 | D:2      | Found a burning altar of Makhleb.
  1213 | D:2      | Noticed a cacodemon
  1216 | D:2      | Noticed a smoke demon
  1216 | D:2      | Noticed a neqoxec
  1431 | D:2      | Reached XP level 4. HP: 24/24 MP: 10/13
  1650 | D:3      | Reached skill level 6 in Spellcasting
  1678 | D:3      | Learned a level 4 spell: Force Lance
  1683 | D:3      | Learned a level 4 spell: Iskenderun's Mystic Blast
  2035 | D:3      | Found a white marble altar of Elyvilon.
  2133 | D:3      | Reached skill level 1 in Hexes
  2266 | D:4      | Reached skill level 1 in Translocations
  2266 | D:4      | Reached XP level 5. HP: 28/28 MP: 10/15
  2288 | D:4      | Found a stormy altar of Qazlal.
  2289 | D:4      | Noticed Menkaure
  2297 | D:4      | Killed Menkaure
  2297 | D:4      | Reached XP level 6. HP: 4/32 MP: 2/17
  2307 | D:4      | HP: 1/32 [dart slug/slug dart (4)]
  2479 | D:4      | Found Sipearph's Magic Scroll Shop.
  2486 | D:4      | HP: 1/32 [orc/flail (9)]
  2487 | D:4      | Slain by an orc

Skill      XL: |  1  2  3  4  5 |
---------------+----------------+-----
Spellcasting   | 4 5 6 |  6.3
Hexes          | 2 3 |  3.9
Translocations | 1 3 |  3.2
Dodging        | |  2.4
Stealth        | |  2.4
Conjurations   | |  4.3

Action                   |  1- 3 |  4- 6 || total
-------------------------+-------+-------++-------
Melee: Club              |    11 |       ||    11
       Dagger            |     4 |     4 ||     8
 Cast: Magic Dart        |    83 |    35 ||   118
       Searing Ray       |     1 |     3 ||     4
  Use: Scroll            |       |     5 ||     5
  Eat: Chunk             |     1 |     4 ||     5
Armor: Robe              |     3 |     5 ||     8
Dodge: Dodged            |    12 |    14 ||    26
Block: Buckler           |       |     3 ||     3
